 Dungeon Crawl Stone Soup version 0.22-a0-367-gb72a975 (webtiles) character file.

579 Amnesiac the Ducker (level 7, -1/54 HPs)
             Began as a Mummy Wizard on Apr 22, 2018.
             Slain by Arum's ghost (17 damage)
             ... on level 8 of the Dungeon.
             The game lasted 00:09:31 (3471 turns).

Amnesiac the Ducker (Mummy Wizard)                  Turns: 3471, Time: 00:09:32

Health: -1/54      AC:  3    Str: 11      XL:     7   Next: 13%
Magic:  1/13       EV: 11    Int: 19      God:
Gold:   54         SH:  0    Dex:  1 (10) Spells: 3/14 levels left

rFire    . . .     SeeInvis .   i - +0 quarterstaff
rCold    + . .     Gourm    .   (shield currently unavailable)
rNeg     + + +     Faith    .   a - +0 robe
rPois    ∞         Spirit   .   (no helmet)
rElec    .         Reflect  .   (no cloak)
rCorr    .         Harm     .   (no gloves)
MR       .....                  k - +0 pair of boots
Stlth    +.........             (no amulet)
HPRegen  0.18/turn              e - ring of protection from fire
MPRegen  0.13/turn              (no ring)

@: no status effects
A: no food or potions, fire vulnerability, cold resistance 1, negative energy
resistance 3, torment resistance, unbreathing
a: no special abilities


You were on level 8 of the Dungeon.
You were not hungry.

You visited 1 branch of the dungeon, and saw 7 of its levels.

You collected 103 gold pieces.
You spent 49 gold pieces at shops.

Inventory:

Hand Weapons
 i - a +0 quarterstaff (weapon)
 m - a +0 trident
Missiles
 f - 22 sling bullets
Armour
 a - a +0 robe (worn)
 j - a +0 leather armour of cold resistance
 k - a +0 pair of boots (worn)
Jewellery
 e - a ring of protection from fire (left hand)
Wands
 l - a wand of flame (27)
Scrolls
 b - a scroll of noise {!r, unknown}
 c - a scroll of blinking {!r}
 d - a scroll of fog {!r}
 g - 3 scrolls of identify {!r}
 h - a scroll of immolation {!r}


   Skills:
 + Level 4.1 Fighting
 * Level 5.4 Dodging
 - Level 1.5 Stealth
 - Level 4.0 Spellcasting
 - Level 0.7 Conjurations
 - Level 0.7 Summonings
 - Level 0.7 Translocations


You had 3 spell levels left.
You knew the following spells:

 Your Spells              Type           Power        Failure   Level  Hunger
a - Magic Dart            Conj           #...         11%         1    N/A
b - Call Imp              Summ           #.......     16%         2    N/A
e - Mephitic Cloud        Conj/Pois/Air  #.......     36%         3    N/A
s - Conjure Flame         Conj/Fire      #.......     34%         3    N/A
v - Blink                 Tloc           N/A          16%         2    N/A

Dungeon Overview and Level Annotations

Branches:
Dungeon (6/15)
 Temple: D:4-7

Altars:
Gozag
Makhleb
Nemelex Xobeh
Yredelemnul

Shops:
D:5 [

Annotations:
D:2 exclusion: worm, Sigmund
D:8 Arum's ghost, novice MiGl


Innate Abilities, Weirdness & Mutations

You do not eat or drink.
Your flesh is vulnerable to fire.
You are immune to poison.
Your flesh is cold resistant. (rC+)
You are immune to negative energy. (rN+++)
You are immune to unholy pain and torment.
You can survive without breathing.


Message History

Press: ? - help, Dir - move target cursor The fire ignites!
Casting: Conjure Flame (safe; 34% risk of failure)
Confirm with . or Enter, or press ? or * to list all spells.
Aiming: Conjure Flame (safe; 34% risk of failure)
Press: ? - help, Dir - move target cursor The fire ignites!
Casting: Conjure Flame (safe; 34% risk of failure)
Confirm with . or Enter, or press ? or * to list all spells.
Aiming: Conjure Flame (safe; 34% risk of failure)
Press: ? - help, Dir - move target cursor The fire ignites!
Casting: Conjure Flame (safe; 34% risk of failure)
Confirm with . or Enter, or press ? or * to list all spells.
Aiming: Conjure Flame (safe; 34% risk of failure)
Press: ? - help, Dir - move target cursor The fire ignites!
You closely miss Arum's ghost.
Arum's ghost is engulfed in blazing flames.
Arum's ghost closely misses you.
You barely miss Arum's ghost.
Arum's ghost is lightly damaged.
Arum's ghost is engulfed in blazing flames.
Arum's ghost hits you!
You hit Arum's ghost but do no damage.
Arum's ghost is moderately damaged.
Arum's ghost is engulfed in blazing flames.
Arum's ghost hits you!
Arum's ghost is engulfed in blazing flames.
Arum's ghost hits you.
You hit Arum's ghost but do no damage.
Arum's ghost is severely damaged.
Arum's ghost is engulfed in blazing flames.
Arum's ghost closely misses you.
Casting: Conjure Flame (safe; 34% risk of failure)
Confirm with . or Enter, or press ? or * to list all spells.
A shadowy apparition takes form in the air.
Arum's ghost misses you.
Casting: Call Imp (safe; 16% risk of failure)
Confirm with . or Enter, or press ? or * to list all spells.
You don't have enough magic to cast that spell.
Casting: Call Imp (safe; 16% risk of failure)
Confirm with . or Enter, or press ? or * to list all spells.
You don't have enough magic to cast that spell.
You see here a bullfrog skeleton.
Arum's ghost barely misses you.
You hit Arum's ghost.
Arum's ghost is almost destroyed.
Arum's ghost closely misses you.
You barely miss Arum's ghost.
Arum's ghost is almost destroyed.
Arum's ghost closely misses you.
You hit Arum's ghost but do no damage.
Arum's ghost is almost destroyed.
Arum's ghost hits you!
* * * LOW HITPOINT WARNING * * *
Arum's ghost hits you.
* * * LOW HITPOINT WARNING * * *
Found a twisted gold wand.
Casting: Call Imp (safe; 16% risk of failure)
Confirm with . or Enter, or press ? or * to list all spells.
A beastly little devil appears in a puff of flame.
Arum's ghost hits you!
You die...

##.../.## ....... #.#
####...[.. #.# .........
#.# ....... #.# .....#
#.# #5.######.#.#
#.@.......#.# #####
########W#######.###....
.......÷5......†..(.....
########.#######.###....
#.# #.# ###.# #.# ####.#
#.# #'# #....# #a# .^^
#....# #.# ^.^^^ #....#
#.#


You could see Arum's ghost, a friendly crimson imp and a friendly shadow imp.

Vanquished Creatures
  A scorpion (D:5)
  A centaur zombie (D:5)
  An orc priest (D:4)
  An orc wizard (D:4)
  A bullfrog skeleton (D:5)
  2 worker ants
  2 leopard geckos
  4 orcs (D:4)
  2 ball pythons
  A giant cockroach (D:4)
  A goblin (D:2)
  A ball python skeleton (D:5)
  3 frilled lizards
  3 kobolds (D:2)
  2 rats
  A spectral orc (D:8)
27 creatures vanquished.

Vanquished Creatures (collateral kills)
  The ghost of VDreamerV the Insei, a novice OpTm of the Shining One (D:4)
  Blork the orc (D:4)
  A bullfrog (D:8)
  A crimson imp (D:5)
  A quasit (D:5)
  4 worker ants
  An adder (D:2)
  A worm (D:4)
  A giant cockroach (D:2)
12 creatures vanquished.

Grand Total: 39 creatures vanquished

Notes
Turn   | Place    | Note
-------+----------+-------------------------------------------
     0 | D:1      | Amnesiac the Mummy Wizard began the quest for the Orb.
     0 | D:1      | Reached XP level 1. HP: 13/13 MP: 5/5
    68 | D:2      | Found a burning altar of Makhleb.
    68 | D:2      | Found a sparkling altar of Nemelex Xobeh.
    93 | D:2      | Found an opulent altar of Gozag.
   343 | D:2      | Reached skill level 2 in Dodging
   386 | D:2      | Noticed Sigmund
   506 | D:3      | Noticed an orc wizard
   598 | D:2      | Reached XP level 2. HP: 19/20 MP: 4/7
   602 | D:2      | Learned a level 2 spell: Call Imp
   689 | D:2      | Reached skill level 1 in Fighting
  1075 | D:4      | Noticed VDreamerV's ghost (novice OpTm)
  1119 | D:4      | Noticed Blork the orc
  1175 | D:4      | Reached XP level 3. HP: 26/26 MP: 5/8
  1180 | D:4      | Learned a level 3 spell: Conjure Flame
  1184 | D:4      | Learned a level 3 spell: Mephitic Cloud
  1716 | D:4      | Killed Blork the orc
  1716 | D:4      | Reached skill level 3 in Dodging
  1716 | D:4      | Reached XP level 4. HP: 18/33 MP: 1/10
  1888 | D:4      | Killed VDreamerV's ghost
  1888 | D:4      | Reached skill level 4 in Dodging
  1888 | D:4      | Reached XP level 5. HP: 19/41 MP: 2/11
  1888 | D:4      | Reached XP level 6. HP: 22/47 MP: 2/12
  2099 | D:5      | Entered Level 5 of the Dungeon
  2356 | D:4      | Learned a level 2 spell: Blink
  2823 | D:5      | Reached skill level 5 in Dodging
  2825 | D:5      | Lost dexterity.
  2958 | D:5      | Found Abluaraz's Armour Boutique.
  3002 | D:5      | Bought a +0 pair of boots for 49 gold pieces
  3085 | D:5      | Reached XP level 7. HP: 39/54 MP: 7/13
  3168 | D:5      | You fall through a shaft for 3 floors!
  3178 | D:8      | Found a basalt altar of Yredelemnul.
  3436 | D:8      | Noticed Arum's ghost (novice MiGl)
  3471 | D:8      | Slain by Arum's ghost

Vault maps used:
D:1:      minmay_arrival_semitransparent
D:2:      xom_redecorated, grunt_temple_overflow_open, serial_forest,
          infiniplex_forest_lined_1, infiniplex_forest_clump_C,
          infiniplex_forest_clump_tiny, infiniplex_forest_clump_diagonal,
          infiniplex_forest_lined_room_2, infiniplex_forest_clump_tiny,
          infiniplex_forest_end_3, first_ration, minmay_misc_feat_ornament,
          uniq_sigmund
D:3:      uniq_robin
D:4:      uniq_blork_the_orc
D:5:      serial_shops, nicolae_shop_statue_plus, hex_tiny
D:6:      fedhas_altar_4, amethyst_overflow_temple_binary,
          minmay_temple_entry_fiery, nicolae_gozag_seed_capital, uniq_pikel
D:8:      lemuel_bear_cage, yredelemnul_forgotten_temple_becter,
          lair_entry_dummy, uniq_gastronok

Skill      XL: |  1  2  3  4  5  6 |
---------------+-------------------+-----
Dodging        | 2 3 4 5 |  5.4
Fighting       | 1 2 3 4 |  4.1
Stealth        | |  1.5
Spellcasting   | |  4.0
Conjurations   | |  0.7
Summonings     | |  0.7
Translocations | |  0.7

Action                   |  1- 3 |  4- 6 |  7- 9 || total
-------------------------+-------+-------+-------++-------
Melee: Flail             |     5 |       |       ||     5
       Unarmed           |     1 |       |       ||     1
       Quarterstaff      |     3 |    59 |    19 ||    81
 Cast: Magic Dart        |    31 |       |       ||    31
       Call Imp          |    15 |    14 |     4 ||    33
       Mephitic Cloud    |     1 |     2 |       ||     3
       Conjure Flame     |       |     4 |     4 ||     8
  Use: Scroll            |     1 |     3 |       ||     4
 Stab: Confused          |     1 |     3 |       ||     4
       Distracted        |       |     1 |       ||     1
       Sleeping          |       |     1 |       ||     1
Armor: Robe              |     3 |    19 |     1 ||    23
Dodge: Dodged            |    21 |    62 |    13 ||    96

Table legend:
 A = Spawn XP
 B = Non-spawn XP
 C = Spawn XP percentage of total XP
 D = Spawn monster count
 E = Non-spawn monster count
 F = Spawn count percentage of total count
 G = Total turns spent on level
                    A         B        C        D         E        F      G
               +---------+---------+-------+---------+---------+-------+---------
         Total |       0 |     828 |   0.0 |       0 |      39 |   0.0 |  3471
               +---------+---------+-------+---------+---------+-------+---------
           D:1 |       0 |       4 |   0.0 |       0 |       2 |   0.0 |   113
           D:2 |       0 |      17 |   0.0 |       0 |       9 |   0.0 |   674
           D:3 |       0 |       2 |   0.0 |       0 |       1 |   0.0 |    61
           D:4 |       0 |     490 |   0.0 |       0 |      15 |   0.0 |  1748
           D:5 |       0 |     221 |   0.0 |       0 |       9 |   0.0 |   570
           D:8 |       0 |      94 |   0.0 |       0 |       3 |   0.0 |   303
               +---------+---------+-------+---------+---------+-------+---------
